 Dungeon Crawl Stone Soup version 0.16.1-7-g2c6721e (webtiles) character file.

243 Jackel the Cudgeler (level 5, -2/38 HPs)
             Began as a Demonspawn Gladiator on Mar 29, 2015.
             Slain by an adder (5 damage)
             ... on level 4 of the Dungeon.
             The game lasted 00:08:55 (3277 turns).

Jackel the Cudgeler (Demonspawn Gladiator)          Turns: 3277, Time: 00:08:55

Health: -2/38      AC:  5    Str: 13 (15) XL:     5   Next: 82%
Magic:  5/5        EV: 12    Int: 10      God:
Gold:   184        SH:  0    Dex: 14      Spells: 0 memorised, 4 levels left

rFire  . . .     SeeInvis .     a - +1 flail
rCold  . . .     Clarity  .     b - +0 leather armour
rNeg   . . .     SustAb   .     (no shield)
rPois  .         Gourm    .     (helmet restricted)
rElec  .         Spirit   .     (no cloak)
rCorr  .         Warding  .     (no gloves)
rMut   .         Stasis   .     (no boots)
MR     .....                    (no amulet)
Stlth  +.........               (no ring)
                                (no ring)

@: lethally poisoned (-2 -> -14), not resistant to hostile enchantments, very
unstealthy
A: antennae 1, yellow scales 1
a: no special abilities


You were on level 4 of the Dungeon.
You were not hungry.

You visited 1 branch of the dungeon, and saw 5 of its levels.

You collected 184 gold pieces.

Inventory:

Hand weapons
 a - a +1 flail (weapon)
Missiles
 d - 3 throwing nets (quivered)
 s - 3 stones
Armour
 b - a +0 leather armour (worn)
 c - a +0 helmet
 t - a cursed -2 plate armour
Jewellery
 i - an uncursed amulet of resist mutation {unknown}
Scrolls
 e - 2 scrolls of remove curse
 g - 3 scrolls of random uselessness
 h - 3 scrolls of blinking {unknown}
 j - 2 scrolls of teleportation
 k - a scroll of recharging {unknown}
 l - 2 scrolls of magic mapping {unknown}
 m - 2 scrolls of enchant weapon
 n - a scroll of amnesia {unknown}
 p - a scroll of fog {unknown}
 q - a scroll of noise {unknown}
 r - a scroll of fear {unknown}
Comestibles
 f - 3 bread rations
 o - 2 fruits
 v - a royal jelly


   Skills:
 - Level 2.0 Fighting
 * Level 6.0 Maces & Flails
 - Level 1.7 Throwing
 - Level 2.6 Dodging


You had 4 spell levels left.
You didn't know any spells.

Dungeon Overview and Level Annotations

Branches:
Dungeon (5/15)
 Temple: D:4-7

Altars:
Cheibriados
Fedhas
Gozag
Ru
Sif Muna


Innate Abilities, Weirdness & Mutations

You have a pair of small antennae on your head.
You are partially covered in yellow scales (AC +2).


Message History

* * * LOW HITPOINT WARNING * * *
You feel sick. The adder bites you but does no damage.
You barely miss the adder.
The adder is moderately wounded.
* * * LOW HITPOINT WARNING * * *
You feel sick. The adder bites you.
* * * LOW HITPOINT WARNING * * *
The adder bites you.
* * * LOW HITPOINT WARNING * * *
Drink which item? (? for menu, Esc to quit)
It was a potion of degeneration.
There was something very wrong with that liquid.
You feel weakened.
* * * LOW HITPOINT WARNING * * *
You feel sick. The adder closely misses you.
You closely miss the adder.
The adder is moderately wounded.
* * * LOW HITPOINT WARNING * * *
You feel sick. The adder bites you.
You die...

### ..#####.(
. ###......
#.# #......
#...#.#S.#
###....@.#####
#............#
#.######.###.#
#.# ###.###
#.....######
#..<........
#......#####
#......#


You could see an adder.

Vanquished Creatures
  A centaur (D:5)
  A centaur zombie (D:5)
  A giant frog skeleton (D:5)
  5 adders
  2 worms (D:2)
  3 giant geckos
  4 bats (D:1)
  5 hobgoblins
  6 jackals
  7 kobolds
  A quokka (D:2)
  5 giant cockroaches
  6 giant newts
  4 goblins
  3 rats
54 creatures vanquished.

Notes
Turn   | Place    | Note
--------------------------------------------------------------
     0 | D:1      | Jackel, the Demonspawn Gladiator, began the quest for the Orb.
     0 | D:1      | Reached XP level 1. HP: 16/16 MP: 1/1
    87 | D:1      | Reached skill level 3 in Maces & Flails
   251 | D:1      | Gained mutation: You are partially covered in yellow scales (AC +2). [demonic ancestry]
   251 | D:1      | Reached XP level 2. HP: 22/22 MP: 2/2
  1440 | D:2      | Gained mutation: You have a pair of small antennae on your head. [demonic ancestry]
  1440 | D:2      | Reached XP level 3. HP: 24/27 MP: 3/3
  1551 | D:2      | Reached skill level 4 in Maces & Flails
  1554 | D:2      | Gained mutation: You have sharp toenails. [potion of mutation]
  1554 | D:2      | Gained mutation: Your muscles are strong. (Str +2) [potion of mutation]
  1554 | D:2      | Gained mutation: You have supernaturally acute eyesight. [potion of mutation]
  1555 | D:2      | Lost mutation: You have sharp toenails. [potion of cure mutation]
  1555 | D:2      | Lost mutation: Your muscles are strong. (Str +2) [potion of cure mutation]
  1555 | D:2      | Lost mutation: You have supernaturally acute eyesight. [potion of cure mutation]
  1732 | D:2      | Found an opulent altar of Gozag.
  1966 | D:2      | Reached XP level 4. HP: 20/33 MP: 4/4
  2599 | D:3      | Found a blossoming altar of Fedhas.
  2609 | D:3      | You fall through a shaft for 2 floors!
  2609 | D:5      | Entered Level 5 of the Dungeon
  2651 | D:5      | Found a deep blue altar of Sif Muna.
  2690 | D:5      | Noticed a centaur
  2705 | D:5      | Killed a centaur
  2705 | D:5      | Reached skill level 5 in Maces & Flails
  2705 | D:5      | Reached XP level 5. HP: 10/38 MP: 5/5
  3073 | D:5      | Reached skill level 6 in Maces & Flails
  3136 | D:4      | Found a snail-covered altar of Cheibriados.
  3205 | D:4      | Found a sacrificial altar of Ru.
  3277 | D:4      | Slain by an adder

Action                   |  1- 3 |  4- 6 || total
-------------------------+-------+-------++-------
Melee: Flail             |   131 |    67 ||   198
Throw: Stone             |     4 |       ||     4
       Throwing net      |     4 |     7 ||    11
  Use: Potion            |     4 |     4 ||     8
       Scroll            |       |     5 ||     5
 Stab: Sleeping          |     1 |       ||     1
       Held in net/web   |     1 |     3 ||     4
  Eat: Chunk             |     3 |     3 ||     6
       Meat ration       |       |     1 ||     1
